Map: Orbital Shipyard

Players

Matiz

  • Race: Zerg Zerg
  • League: Master

Dragon - Winner!

  • Race: Terran Terran
  • League: Master

Event: Lycan League Weekly August #1

VOD

Have the link to the VOD?

Description

Time

  • Played on: Aug. 3, 2015, 12:57 p.m.
  • Length: 12:38

All games in this series

Show
View Real Time Build Order
Export as new Build Order

Matiz Zerg 

Build Orders: Hatch First 

Get SALT Encoding   

  12  0:01  Drone  
  13  0:12  Overlord  
  13  0:18  Drone  
  14  0:25  Extractor  
  14  0:26  Drone  
  15  0:31  Drone  
  16  0:35  Drone  
  17  0:53  Hatchery  
  17  0:56  Drone  
  17  0:57  Drone  
  18  1:12  Spawning Pool  
  18  1:14  Drone  
  18  1:18  Drone  
  19  1:28  Extractor  
  19  1:29  Drone  
  19  1:41  Overlord  
  19  1:59  Queen, Zergling x2  
  22  2:05  Drone, Queen  
  22  2:06  Drone  
  26  2:11  Drone  
  27  2:16  Drone  
  29  2:22  Drone  
  29  2:27  Drone, Roach Warren  
  29  2:32  Drone  
  30  2:37  Overlord  
  30  2:44  Overlord  
  30  2:48  Overlord  
  30  3:08  Roach  
  30  3:09  Roach x6  
  30  3:11  Roach  
  46  3:15  Drone x3  
  46  3:18  Drone  
  50  3:22  Drone  
  50  3:25  Drone  
  52  3:31  Overlord  
  52  3:34  Drone  
  53  3:47  Drone x3  
  53  3:48  Drone, Overlord  
  56  3:49  Drone  
  57  3:55  Hatchery  
  57  3:58  Roach  
  58  4:06  Lair  
  58  4:07  Drone x2  
  58  4:09  Extractor  
  59  4:14  Drone x2  
  61  4:20  Drone x2  
  61  4:21  Drone x2  
  65  4:25  Drone x2  
  67  4:35  Roach x3  
  71  4:45  Extractor  
  62  4:46  Roach  
  45  5:00  Roach x2  
  45  5:02  Drone x4  
  50  5:10  Drone  
  50  5:13  Drone x5  
  56  5:15  Queen  
  56  5:16  Drone, Queen  
  56  5:20  Drone  
  62  5:25  Ravager  
  62  5:27  Drone x2  
  65  5:30  Extractor  
  65  5:31  Drone  
  65  5:38  Overlord  
  65  5:39  Overlord  
  65  5:40  Drone  
  66  5:43  Drone x2  
  66  5:44  Drone  
  66  5:47  Drone x2  
  71  5:54  Spire  
  71  5:55  Ravager  
  71  5:58  Queen  
  71  6:01  Ravager  
  71  6:02  Zergling x4  
  71  6:03  Zergling x2  
  65  6:20  Drone x2  
  65  6:23  Drone x6  
  66  6:27  Roach x3  
  69  6:48  Drone  
  69  6:49  Drone x5  
  75  7:03  Extractor x2  
  75  7:06  Corruptor x3  
  77  7:08  Drone x2  
  77  7:15  Overseer  
  78  7:19  Drone x3  
  78  7:20  Drone x4  
  85  7:26  Hatchery  
  67  7:32  Drone x3  
  67  7:36  Queen  
  71  7:38  Drone x2  
  71  7:40  Evolution Chamber  
  71  7:46  Drone  
  71  7:47  Drone x3  
  68  7:59  Drone x4  
  72  8:13  Drone x2  
  72  8:14  Metabolic Boost  
  72  8:18  Zerg Ground Armor Level 1  
  74  8:20  Baneling Nest  
  74  8:24  Evolution Chamber  
  72  8:27  Drone  
  72  8:28  Drone x2  
  72  8:31  Drone x3  
  72  8:32  Drone  
  79  8:40  Drone  
  79  8:41  Drone, Queen  
  81  8:48  Drone x4  
  87  9:00  Zerg Melee Weapons Level 1  
  87  9:01  Drone x5  
  87  9:02  Zergling x8  
  96  9:03  Zergling x2  
  96  9:05  Centrifical Hooks  
  97  9:10  Roach x2  
  97  9:16  Zergling x2  
  97  9:17  Zergling x4  
  104  9:20  Zergling x2  
  104  9:23  Baneling x2  
  101  9:28  Baneling x6  
  101  9:30  Overlord x2  
  100  9:37  Overlord  
  99  9:44  Overlord  
  99  9:53  Corruptor  
  99  10:00  Zergling x10  
  99  10:02  Hatchery  
  104  10:07  Overlord  
  104  10:13  Hatchery  
  104  10:14  Overlord  
  102  10:15  Overseer  
  102  10:21  Overlord  
  102  10:30  Corruptor x3  
  105  10:36  Zergling x8  
  105  10:37  Overlord x2  
  106  10:46  Zergling x10  
  111  10:54  Zergling x2  
  111  10:56  Baneling x7  
  111  10:57  Baneling x6  
  112  11:04  Hatchery  
  112  11:07  Zergling x4  
  92  11:21  Zergling x10  
  92  11:22  Zergling x4  
  92  11:25  Zergling x2, Extractor  
  89  11:26  Extractor  
  89  11:28  Baneling x4  
  89  11:31  Zergling x4  
  89  11:32  Zergling x4  
  92  11:38  Zergling x4  
  94  11:41  Baneling x6  
  94  11:46  Zergling x4  
  93  11:54  Zergling x2  
  93  11:55  Zergling x2  
  94  12:04  Zergling x4  
  85  12:15  Zergling x16  
Show
View Real Time Build Order
Export as new Build Order

Dragon Terran - Winner!

Build Orders: Command Center First (CC), MMM Bio, Siege Tank Drop 

Get SALT Encoding   

  12  0:01  SCV  
  13  0:13  SCV  
  14  0:19  Supply Depot  
  14  0:25  SCV  
  15  0:40  SCV  
  16  0:53  SCV  
  17  1:03  Command Center  
  17  1:05  SCV  
  18  1:16  Barracks  
  18  1:17  SCV  
  19  1:22  Refinery  
  19  1:29  SCV  
  20  1:37  Refinery  
  20  1:41  SCV  
  21  1:53  SCV  
  22  2:04  Marine  
  22  2:07  Orbital Command  
  23  2:14  Orbital Command  
  23  2:22  Factory  
  23  2:23  Barracks Reactor  
  23  2:33  SCV  
  24  2:41  SCV  
  25  2:45  SCV  
  26  2:53  SCV  
  26  2:57  SCV, Refinery  
  28  3:08  Starport  
  28  3:09  SCV x2  
  28  3:10  Barracks Reactor  
  28  3:12  Hellion x2  
  34  3:13  Supply Depot  
  34  3:20  Armory  
  34  3:23  SCV x2  
  36  3:33  Hellion  
  38  3:34  Hellion  
  38  3:40  Supply Depot  
  40  3:42  SCV x2  
  40  3:44  Supply Depot  
  42  3:56  Medivac x2  
  46  4:03  Factory Tech Lab, Marine x2  
  46  4:06  SCV x2  
  46  4:09  Supply Depot x2  
  50  4:21  Liberator, Marine x2  
  50  4:22  SCV x2  
  54  4:24  Hellion x4  
  54  4:30  Siege Tank  
  56  4:35  SCV  
  52  4:39  SCV  
  48  4:46  Marine x2  
  48  4:47  SCV  
  48  4:51  SCV  
  47  4:54  Liberator  
  47  4:59  SCV  
  46  5:04  SCV, Liberator  
  42  5:11  SCV  
  42  5:12  Marine  
  42  5:13  Marine  
  47  5:16  SCV  
  48  5:23  SCV, Widow Mine  
  48  5:28  SCV  
  55  5:32  Marine x2  
  55  5:35  SCV  
  58  5:38  Refinery  
  58  5:40  SCV  
  58  5:41  Barracks  
  59  5:47  SCV  
  59  5:49  Command Center  
  60  5:52  SCV  
  60  5:56  Marine x2  
  63  5:59  SCV  
  64  6:04  SCV  
  64  6:09  Factory Tech Lab  
  65  6:12  Liberator  
  65  6:14  Liberator  
  65  6:17  Marine  
  65  6:18  Marine  
  65  6:33  Siege Tank, Marine  
  65  6:35  Marine  
  70  6:50  Marine  
  70  6:55  Liberator  
  70  6:56  SCV, Marine x2  
  70  6:57  SCV, Stimpack  
  70  6:58  Supply Depot x2  
  74  7:08  Marine  
  71  7:09  SCV x2  
  71  7:12  Supply Depot  
  71  7:13  Liberator  
  71  7:14  Marine x2  
  71  7:15  Orbital Command  
  79  7:21  SCV x2  
  81  7:26  Marine  
  79  7:32  Orbital Command, Marine x2  
  79  7:33  SCV x2  
  79  7:38  Liberator  
  79  7:44  Marine  
  77  7:45  SCV x2, Engineering Bay  
  77  7:50  Marine x2  
  81  7:55  Liberator  
  81  7:57  SCV x2  
  86  7:59  SCV  
  86  8:01  Barracks, Marine  
  84  8:07  Marine x2  
  84  8:09  SCV x2  
  84  8:11  SCV, Barracks  
  89  8:16  Missile Turret  
  89  8:17  Missile Turret  
  89  8:18  Missile Turret  
  92  8:21  SCV, Missile Turret  
  92  8:25  Terran Infantry Weapons Level 1  
  93  8:28  Siege Tank  
  93  8:29  Engineering Bay  
  93  8:31  Missile Turret, Marine  
  93  8:34  SCV x3  
  100  8:43  Marine x2  
  100  8:46  SCV, Medivac  
  105  8:49  SCV, Marine  
  105  8:50  SCV  
  105  8:54  Barracks Reactor  
  105  8:55  Barracks, Medivac  
  108  8:57  Barracks  
  108  8:58  SCV  
  108  9:02  SCV x2, Refinery, Terran Infantry Armor Level 1  
  113  9:08  Marine x4  
  117  9:10  SCV  
  118  9:21  Siege Tank  
  121  9:26  Combat Shields, Marine x4  
  121  9:30  SCV  
  121  9:31  SCV  
  125  9:49  Barracks Reactor  
  125  9:50  Barracks Tech Lab  
  125  9:52  Supply Depot  
  125  9:54  Barracks Reactor  
  125  9:55  Marine x5  
  125  9:57  Supply Depot  
  130  10:04  Medivac  
  132  10:08  SCV  
  132  10:10  Refinery  
  132  10:11  Command Center  
  132  10:13  Medivac, Marine x4  
  139  10:14  Supply Depot, Terran Vehicle Weapons Level 1  
  139  10:15  Supply Depot  
  139  10:28  Command Center  
  139  10:32  Marine x2  
  139  10:34  Marine x2  
  135  10:36  Marine x2  
  135  10:41  Siege Tank, Marine  
  139  10:43  Medivac x2  
  139  10:46  Marine x2, Marauder  
  139  10:48  SCV  
  139  10:49  SCV x2  
  147  10:50  Marine x2  
  147  10:51  Marine x2  
  147  10:54  Supply Depot  
  151  10:58  Marine x2  
  151  11:00  SCV, Marauder  
  154  11:09  Starport  
  154  11:13  Medivac x2  
  140  11:18  Marine  
  140  11:19  Marauder  
  140  11:20  Marine  
  140  11:22  Missile Turret  
  140  11:25  Siege Tank, Marine  
  141  11:26  Marauder, Marine x5  
  149  11:36  Marine  
  149  11:38  Marine  
  143  11:40  Marine  
  143  11:43  Marine x3  
  143  11:44  Marine  
  143  11:45  Marine  
  143  11:46  Marine  
  150  11:47  Marauder  
  145  11:54  Marine  
  145  11:56  Marine  
  145  11:58  Marauder  
  145  12:01  Marine x4, Medivac x2  

Tags
 
Add a new tag
Caveats
  • Supply blocks, unpowered buildings, or Contaminate may cause inaccurate times.
  • Supply counts are checked every 10 seconds.